AoeStats
← Ser shmingus bingus

Arena

509416051Analyzed
1v1 RM · 4d ago on Sep 26, 2026· 71m 26s· 2 players
Game mode
Random Map
Map size
Tiny (2 player)
Population
200
Speed
Normal
Resources
Standard
Victory
Conquest
Starting age
Dark Age
Ending age
Imperial Age
RankedLock teamsTeams togetherTeam positionsShared explorationLock speedFull tech treeHidden civsTurbo modeCheats
Victory
Defeat
🇿🇦 Britons · South Africa
447
+18
🇧🇪 Saxons · Belgium
481
-18
Fontein
11:09 Feudal Age
9:53 Loom
17:44 Castle Age
16:06 Double-Bit Axe
16:52 Horse Collar
20:37 Heavy Plow
26:16 Wheelbarrow
27:15 Gold Mining
27:17 Stone Mining
27:51 Bow Saw
28:58 Hand Cart
28:29 Town Watch
30:54 Yeomen
34:01 Imperial Age
31:50 Pikeman
32:31 Squires
35:32 Town Patrol
36:13 Conscription
37:31 Siege Engineers
37:38 Masonry
37:40 Fortified Wall
37:53 Ballistics
41:51 Onager
46:38 Elite Longbowman
46:45 Halberdier
48:04 Fletching
48:15 Padded Archer Armor
48:16 Scale Mail Armor
48:27 Forging
49:11 Arson
50:19 Architecture
50:50 Chemistry
49:42 Heated Shot
49:49 Murder Holes
54:05 Bodkin Arrow
54:48 Iron Casting
54:29 Chain Mail Armor
54:31 Leather Archer Armor
54:46 Chain Mail Armor
57:11 Blast Furnace
56:14 Bracer
56:47 Plate Mail Armor
58:04 Two-Man Saw
57:42 Ring Archer Armor
57:10 Light Cavalry
57:56 Husbandry
57:21 Cavalier
58:50 Warwolf
59:27 Hoardings
59:20 Heavy Scorpion
64:13 Scale Barding Armor
Ser shmingus bingus
4:12 Loom
11:24 Feudal Age
12:49 Wheelbarrow
12:05 Horse Collar
15:57 Gold Mining
20:44 Castle Age
20:48 Fletching
22:15 Forging
22:09 Bodkin Arrow
22:51 Padded Archer Armor
23:40 Squires
24:36 Gold Shaft Mining
24:05 Heavy Plow
23:51 Double-Bit Axe
24:43 Hand Cart
25:29 Forging
27:04 Scale Mail Armor
26:49 Crossbowman
28:34 Town Watch
29:18 Leather Archer Armor
30:26 Thumb Ring
33:32 Bow Saw
35:46 Chain Mail Armor
36:09 Iron Casting
38:46 Imperial Age
36:09 Gambesons
38:51 Town Patrol
38:52 Elite Varangian Guard
40:51 Conscription
40:00 Shield Wall
42:35 Two-Man Saw
42:07 Crop Rotation
43:48 Plate Mail Armor
45:28 Ring Archer Armor
57:37 Capped Ram
58:11 Arson
58:46 Siege Ram
Connection lost

Rejoining the realm…

Still unreachable

The connection could not be restored.

Session expired

The server has moved on; the page needs a fresh start.